Map: Turbo Cruise '84 LE

Players

Tearnyx

  • Race: Protoss Protoss
  • League: Bronze
  • Spawn Location: 3:00

Takker - Winner!

  • Race: Protoss Protoss
  • League: Silver
  • Spawn Location: 7:00

VOD

Have the link to the VOD?

Description

Time

  • Played on: May 28, 2019, 8:41 p.m.
  • Length: 12:39
Show
View Real Time Build Order
Export as new Build Order

Tearnyx Protoss 

Build Orders: 1 Gate Expand 

Get SALT Encoding   

  12  0:02  Probe  
  13  0:14  Probe  
  14  0:21  Pylon  
  14  0:26  Probe  
  15  0:39  Probe  
  16  0:45  Gateway  
  16  0:51  Probe  
  16  0:52  Assimilator  
  17  1:03  Probe  
  18  1:23  Assimilator  
  18  1:30  Nexus  
  18  1:34  Pylon  
  18  1:45  Probe  
  19  1:57  Cybernetics Core  
  19  2:05  Gateway  
  19  2:17  Gateway  
  19  2:22  Zealot  
  21  2:32  Warp Gate  
  21  2:34  Probe  
  22  2:41  Probe  
  23  2:47  Probe  
  24  2:52  Twilight Council  
  24  2:54  Probe  
  25  3:06  Probe  
  25  3:08  Probe  
  27  3:13  Zealot  
  27  3:18  Probe  
  29  3:20  Probe  
  29  3:22  Zealot  
  29  3:24  Zealot  
  34  3:29  Charge  
  34  3:49  Zealot x2  
  34  3:52  Zealot  
  34  3:55  Probe  
  41  3:56  Probe  
  42  4:07  Probe  
  42  4:08  Probe  
  44  4:19  Nexus  
  44  4:21  Pylon  
  44  4:25  Probe x2  
  46  4:38  Pylon  
  46  4:39  Probe x2  
  48  4:49  Forge  
  48  4:52  Pylon  
  48  4:55  Gateway  
  48  5:04  Robotics Facility  
  48  5:07  Assimilator  
  48  5:08  Probe x2  
  50  5:20  Probe x2  
  52  5:32  Stargate, Probe x2  
  54  5:41  Assimilator  
  54  5:46  Probe x2  
  54  5:48  Probe  
  57  5:54  Observer  
  57  5:56  Zealot  
  57  5:57  Zealot x3  
  62  5:58  Probe x2  
  62  6:00  Probe  
  69  6:10  Probe x2  
  71  6:12  Probe  
  72  6:21  Fleet Beacon  
  72  6:26  Gateway  
  72  6:32  Protoss Ground Weapons Level 1  
  72  6:34  Pylon  
  72  6:39  Oracle  
  75  6:42  Pylon  
  75  6:57  Stalker x3  
  75  6:58  Stalker  
  83  7:12  Gateway  
  83  7:23  Probe  
  83  7:26  Probe  
  83  7:28  Assimilator  
  85  7:30  Assimilator  
  85  7:35  Probe  
  86  7:37  Stalker  
  86  7:38  Sentry, Probe  
  86  7:39  Stalker  
  86  7:40  Stalker x2  
  97  7:47  Probe  
  97  7:50  Probe  
  99  8:05  Pylon  
  99  8:46  Stalker x2  
  99  8:47  Stalker  
  99  8:48  Stalker x2  
  109  8:54  Pylon  
  109  9:00  Pylon  
  109  9:24  Zealot x3  
  111  9:25  Zealot x3  
  121  9:34  Pylon  
  121  9:36  Pylon  
  121  9:38  Pylon  
  121  9:51  Nexus  
  121  9:55  Robotics Bay  
  121  10:02  Forge  
  121  10:08  Cybernetics Core  
  121  10:15  Protoss Ground Weapons Level 2  
  121  10:22  Immortal  
  125  10:34  Templar Archives  
  63  10:59  Carrier  
  63  11:00  Zealot x2  
  63  11:01  Zealot x4, Immortal  
  82  11:21  Gateway  
  82  11:22  Stalker x2  
  82  11:23  Stalker x4, Gateway  
  94  11:38  Photon Cannon  
  94  11:39  Photon Cannon  
  94  11:40  Photon Cannon  
  65  12:03  Stalker x3  
  65  12:04  Stalker  
  65  12:20  Stalker  
Show
View Real Time Build Order
Export as new Build Order

Takker Protoss - Winner!

Build Orders:  

Get SALT Encoding   

  12  0:01  Probe  
  13  0:13  Probe  
  14  0:21  Probe, Pylon  
  15  0:32  Assimilator  
  15  0:42  Gateway  
  15  0:45  Probe  
  16  1:03  Pylon  
  16  1:09  Probe  
  16  1:17  Probe  
  18  1:32  Zealot  
  20  1:33  Cybernetics Core  
  20  1:36  Probe  
  21  1:48  Probe  
  22  1:57  Nexus  
  22  2:10  Zealot  
  22  2:15  Probe  
  25  2:23  Probe  
  26  2:36  Probe  
  26  2:37  Stalker  
  29  2:48  Probe  
  30  3:00  Probe  
  31  3:12  Probe  
  32  3:19  Gateway  
  32  3:21  Pylon  
  32  3:22  Probe x2  
  34  3:29  Pylon  
  34  3:30  Probe  
  34  3:31  Warp Gate  
  35  3:38  Assimilator  
  35  3:39  Probe  
  35  3:40  Probe  
  35  3:46  Assimilator  
  39  3:48  Sentry  
  39  3:51  Probe  
  39  3:52  Probe  
  41  4:03  Robotics Facility  
  41  4:05  Pylon  
  41  4:06  Probe x2  
  43  4:14  Stalker  
  43  4:16  Probe  
  43  4:17  Probe  
  47  4:25  Probe x2  
  49  4:33  Probe x2  
  49  4:35  Stalker  
  53  4:40  Assimilator  
  53  4:44  Stalker, Probe  
  53  4:45  Probe  
  57  4:51  Observer  
  58  4:57  Probe x2  
  60  5:05  Stalker  
  62  5:09  Probe x2  
  62  5:13  Observer  
  65  5:21  Probe  
  66  5:24  Stargate  
  66  5:26  Stargate  
  66  5:57  Stalker x2  
  66  6:02  Nexus  
  70  6:07  Pylon  
  70  6:11  Pylon  
  70  6:14  Pylon  
  70  6:15  Assimilator, Pylon  
  70  6:19  Pylon  
  70  6:23  Pylon  
  70  6:25  Void Ray x2  
  78  6:27  Pylon  
  78  6:37  Immortal  
  82  6:43  Sentry  
  84  6:58  Pylon  
  84  7:07  Void Ray  
  87  7:11  Gateway x2  
  87  7:13  Gateway  
  87  7:15  Gateway  
  87  7:16  Immortal  
  91  7:26  Void Ray  
  95  7:37  Probe  
  95  7:40  Probe x2  
  98  7:45  Probe  
  98  7:50  Void Ray  
  103  7:52  Probe x2  
  103  7:55  Probe  
  106  8:04  Probe x2  
  108  8:08  Void Ray  
  108  8:11  Probe  
  112  8:16  Probe x2  
  112  8:19  Immortal  
  117  8:20  Probe  
  111  8:33  Void Ray  
  114  8:38  Nexus  
  114  8:42  Pylon  
  114  8:45  Pylon  
  114  8:51  Void Ray  
  114  8:52  Zealot x3  
  114  8:53  Zealot x3  
  130  9:02  Pylon  
  130  9:09  Forge  
  130  9:12  Forge  
  130  9:16  Void Ray  
  134  9:23  Pylon  
  134  9:24  Probe  
  135  9:34  Void Ray  
  135  9:36  Probe  
  140  9:47  Probe  
  140  9:48  Probe  
  142  9:55  Probe  
  143  10:01  Probe  
  143  10:05  Probe  
  144  10:12  Stalker x2  
  144  10:13  Stalker x4  
  157  10:17  Immortal, Probe  
  157  10:18  Void Ray x2  
  170  10:29  Probe  
  170  10:32  Fleet Beacon  
  149  10:56  Immortal  
  135  11:00  Void Ray  
  139  11:10  Zealot x5  
  139  11:11  Zealot  
  151  11:16  Probe  
  152  11:24  Assimilator  
  152  11:28  Probe  
  153  11:36  Immortal  
  153  11:39  Assimilator  
  157  11:41  Probe  
  157  11:43  Assimilator  
  158  11:53  Probe  
  153  12:05  Probe  
  166  12:17  Probe  
Tags
 
Add a new tag
Caveats
  • Supply blocks, unpowered buildings, or Contaminate may cause inaccurate times.
  • Supply counts are checked every 10 seconds.